 Dungeon Crawl Stone Soup version 0.23.2-1-ga50397a6bc (webtiles) character file.

Game seed: 11479771340903491854

9067 Mrkan the Blocker (level 11, -5/95 HPs)
             Began as a Minotaur Fighter on May 25, 2019.
             Was an Initiate of Gozag.
             Slain by an unseen horror (8 damage)
             ... on level 11 of the Dungeon.
             The game lasted 00:25:11 (11223 turns).

Mrkan the Blocker (Minotaur Fighter)               Turns: 11223, Time: 00:25:12

Health: -5/95      AC: 11    Str: 28    XL:     11   Next: 18%
Magic:  10/10      EV:  8    Int:  5    God:    Gozag
Gold:   1355       SH: 15    Dex: 13    Spells: 10/10 levels left

rFire    . . .     SeeInvis .   a - +0 trident
rCold    . . .     Gourm    .   c - +1 shield
rNeg     . . .     Faith    .   I - +0 chain mail
rPois    .         Spirit   .   (helmet restricted)
rElec    .         Reflect  .   (no cloak)
rCorr    .         Harm     .   (no gloves)
MR       .....                  F - +1 pair of boots
Stlth    ..........             (no amulet)
HPRegen  0.25/turn              g - +2 ring of strength
MPRegen  0.12/turn              u - ring of stealth

@: mighty
A: retaliatory headbutt, horns 2
a: Potion Petition, Call Merchant, Bribe Branch, Renounce Religion


You were on level 11 of the Dungeon.
You worshipped Gozag.
Gozag was most pleased with you.
You were not hungry.

You visited 2 branches of the dungeon, and saw 12 of its levels.

You collected 1486 gold pieces.
You paid 131 gold pieces to Gozag.

Inventory:

Hand Weapons
 a - a +0 trident (weapon)
 w - a +0 scythe
Armour
 c - a +1 shield (worn)
 F - a +1 pair of boots (worn)
 I - a +0 chain mail (worn)
Jewellery
 g - a +2 ring of strength (left hand)
 o - an uncursed ring of protection from cold
 p - an uncursed ring of flight {unknown}
 u - a ring of stealth (right hand)
 x - a +2 ring of slaying {unknown}
 C - a +5 ring of strength
 H - an uncursed ring of protection from fire {unknown}
 L - a +5 amulet of reflection {unknown}
Wands
 b - a wand of enslavement (10)
 m - a wand of polymorph (9)
 s - a wand of paralysis (10)
Scrolls
 d - 2 scrolls of amnesia
 i - a scroll of fear
 k - 2 scrolls of enchant armour
 l - 4 scrolls of remove curse
 t - 2 scrolls of teleportation
 y - 2 scrolls of blinking {unknown}
 D - 2 scrolls of magic mapping
 E - 2 scrolls of immolation {unknown}
 G - a scroll of identify
 J - a scroll of silence {unknown}
 K - a scroll of enchant weapon {unknown}
 N - a scroll of fog {unknown}
Potions
 e - 4 potions of curing
 h - a potion of agility {unknown}
 j - 3 potions of brilliance
 n - a potion of invisibility {unknown}
 q - 3 potions of degeneration
 r - a potion of lignification
 z - a potion of ambrosia {unknown}
 A - a potion of haste {unknown}
 B - 2 potions of flight {unknown}
 M - a potion of resistance {unknown}
 P - 2 potions of berserk rage {unknown}
Comestibles
 f - 13 rations


   Skills:
 + Level 8.6 Fighting
 - Level 13.3 Polearms
 - Level 3.6 Armour
 * Level 13.7 Shields


You had 10 spell levels left.
You didn't know any spells.
Your spell library contained the following spells:

 Spells                   Type           Power        Failure   Level  Hunger
 Animate Skeleton         Necr           N/A          98%         1    ##.....
 Pain                     Necr           #...         98%         1    ##.....
 Summon Small Mammal      Summ           #...         98%         1    ##.....
 Call Imp                 Summ           #.......     99%         2    ###....
 Call Canine Familiar     Summ           #.......     100%        3    ####...
 Regeneration             Chrm/Necr      #.........   100%        3    ####...
 Summon Guardian Golem    Hex/Summ       #.......     100%        3    ####...
 Vampiric Draining        Necr           #.........   100%        3    ####...
 Animate Dead             Necr           N/A          100%        4    #####..
 Summon Ice Beast         Ice/Summ       #.......     100%        4    #####..
 Summon Lightning Spire   Summ/Air       #.......     100%        4    #####..


Dungeon Overview and Level Annotations

Branches:
Dungeon (11/15)            Temple (1/1) D:7            Lair (0/6) D:9
    Orc: D:9-12

Altars:
Ashenzari
Cheibriados
Dithmenos
Elyvilon
Fedhas
Gozag
Hepliaklqana
Kikubaaqudgha
Makhleb
Nemelex Xobeh
Okawaru
Qazlal
Ru
Sif Muna
Trog
Uskayaw
Vehumet
Wu Jian
Xom
Yredelemnul
Zin
The Shining One

Shops:
D:5 [}   D:7 [

Annotations:
D:4 1 runed translucent door, grerr's ghost, amateur DsAK
D:7 2 transporters


Innate Abilities, Weirdness & Mutations

You reflexively headbutt those who attack you in melee.
You have a pair of horns on your head.


Message History

* * * LOW HITPOINT WARNING * * *
Something hits you.
* * * LOW HITPOINT WARNING * * *
Something hits you but does no damage.
You feel better. Something hits you.
* * * LOW HITPOINT WARNING * * *
Something hits you but does no damage. Something hits you.
* * * LOW HITPOINT WARNING * * *
You block something's attack. Something hits you.
* * * LOW HITPOINT WARNING * * *
You puncture something!
Something hits you but does no damage. x2
You feel very mighty all of a sudden.
Something hits you but does no damage. x2
You barely miss something. Your headbutt misses something. Something hits you.
* * * LOW HITPOINT WARNING * * *
Something hits you but does no damage. x2; Something hits you!
You die...
Your body crumbles into a pile of gold.

$ ....###.##.#
### #.#### #.#
#.# #.# #.# #
#.# ######.#.
#.####........
#..@..........
######.####.###
#.....>...#
#...#####.#
#...####
#......#
##..##.#
#..##.##.# .
#........# #


There were no monsters in sight!

Vanquished Creatures
  A two-headed ogre (D:8)
  An unseen horror (D:10)
  A manticore (D:11)
  A slime creature (D:6)
  Sigmund (D:4)
  A hippogriff (D:8)
  10 yaks (D:10)
  2 hungry ghosts
  Menkaure (D:5)
  2 water moccasins
  An ice beast (D:7)
  3 orc warriors
  2 sky beasts
  A black bear (D:8)
  4 ogres
  5 centaurs
  2 elf zombies (D:7)
  Blork the orc (D:4)
  2 big kobolds
  3 bullfrogs
  4 elf skeletons (D:7)
  3 scorpions
  A wyvern skeleton (D:11)
  7 killer bees
  5 howler monkeys
  6 crimson imps
  6 hounds
  2 quasits
  2 human zombies (D:7)
  7 jellies
  2 centaur skeletons (D:8)
  A gnoll shaman (D:9)
  11 orc priests
  3 bullfrog skeletons
  11 orc wizards
  2 human skeletons (D:7)
  Jessica (D:2)
  An iguana (D:6)
  9 worker ants
  A killer bee zombie (D:9)
  2 hound zombies
  A worker ant zombie (D:8)
  Robin (D:4)
  3 gnolls (D:9)
  12 adders
  2 shadow imps
  12 oozes
  2 adder skeletons
  2 worms
  4 leopard geckos
  35 orcs
  10 giant cockroaches
  15 goblins
  12 hobgoblins
  9 jackals
  2 quokkas
  3 ball pythons
  9 bats
  7 frilled lizards
  18 kobolds
  2 leopard gecko skeletons
  An orc zombie (D:7)
  7 rats
301 creatures vanquished.

Vanquished Creatures (others)
  9 fungi (D:6)
9 creatures vanquished.

Grand Total: 310 creatures vanquished

Notes
Turn   | Place    | Note
-------+----------+-------------------------------------------
     0 | D:1      | Mrkan the Minotaur Fighter began the quest for the Orb.
     0 | D:1      | Reached XP level 1. HP: 19/19 MP: 0/0
   192 | D:1      | Reached XP level 2. HP: 26/26 MP: 1/1
   784 | D:2      | Reached XP level 3. HP: 29/31 MP: 2/2
   805 | D:2      | Noticed Jessica
   817 | D:2      | Killed Jessica
   954 | D:2      | Reached XP level 4. HP: 39/39 MP: 3/3
  1404 | D:3      | Reached skill level 5 in Polearms
  1470 | D:3      | HP: 1/39 [poisoned by an adder]
  1696 | D:3      | Reached skill level 5 in Shields
  1696 | D:3      | Reached XP level 5. HP: 26/45 MP: 4/4
  1912 | D:3      | Noticed a water moccasin
  1929 | D:3      | Killed a water moccasin
  1929 | D:3      | Reached XP level 6. HP: 19/51 MP: 5/5
  3019 | D:4      | Noticed Sigmund
  3031 | D:4      | Killed Sigmund
  3031 | D:4      | Reached XP level 7. HP: 57/57 MP: 6/6
  3071 | D:4      | Noticed Blork the orc
  3085 | D:4      | Killed Blork the orc
  3407 | D:4      | Noticed Robin
  3439 | D:4      | Killed Robin
  3476 | D:4      | Found a runed translucent door.
  3476 | D:4      | Noticed grerr's ghost (amateur DsAK)
  3828 | D:5      | Entered Level 5 of the Dungeon
  3852 | D:5      | Reached XP level 8. HP: 64/64 MP: 7/7
  4311 | D:5      | Found Sippouc's Gadget Shoppe.
  4315 | D:5      | Found Avainij's Armour Shop.
  4423 | D:5      | Reached skill level 10 in Polearms
  4469 | D:5      | Found a white marble altar of Elyvilon.
  4548 | D:5      | Noticed Menkaure
  4559 | D:5      | Killed Menkaure
  5634 | D:6      | Noticed a slime creature
  5701 | D:6      | Killed a slime creature
  5701 | D:6      | Reached XP level 9. HP: 23/70 MP: 8/8
  6354 | D:7      | Found a transporter.
  6354 | D:7      | Noticed a purple ugly thing
  6354 | D:7      | Noticed an ancient zyme
  6995 | D:7      | Reached skill level 10 in Shields
  7111 | D:7      | Found Fugikkou's Armour Boutique.
  7139 | D:7      | Found a deep blue altar of Sif Muna.
  7219 | D:7      | Found a staircase to the Ecumenical Temple.
  7246 | Temple   | Entered the Ecumenical Temple
  7574 | Temple   | Became a worshipper of Gozag Ym Sagoz the Greedy
  7749 | D:7      | Found a transporter.
  8028 | D:8      | Reached XP level 10. HP: 80/80 MP: 9/9
  8051 | D:8      | Reached skill level 5 in Fighting
  8251 | D:8      | Found a radiant altar of Vehumet.
  8754 | D:8      | Noticed a two-headed ogre
  8763 | D:8      | Killed a two-headed ogre
  8936 | D:9      | Found a staircase to the Lair.
  9663 | D:10     | Entered Level 10 of the Dungeon
  9834 | D:10     | Killed an unseen horror
 10405 | D:10     | Reached XP level 11. HP: 91/94 MP: 10/10
 11222 | D:11     | HP: 3/95 [something (4)]
 11223 | D:11     | Slain by an unseen horror

Skill      XL: |  1  2  3  4  5  6  7  8  9 10 |
---------------+-------------------------------+-----
Polearms       | 3 4 5 6 7 9 11 13 | 13.3
Shields        | 4 5 6 7 9 10 13 | 13.7
Fighting       | 4 8 |  8.6
Armour         | |  3.6

Action                   |  1- 3 |  4- 6 |  7- 9 | 10-12 || total
-------------------------+-------+-------+-------+-------++-------
Melee: Trident           |    79 |   151 |   552 |   432 ||  1214
       Headbutt          |     9 |    25 |   110 |   106 ||   250
  Use: Potion            |       |     1 |     5 |     4 ||    10
       Scroll            |       |       |    12 |     2 ||    14
 Stab: Distracted        |       |       |     1 |     2 ||     3
  Eat: Chunk             |       |     3 |    11 |       ||    14
       Ration            |       |     1 |     3 |     4 ||     8
Armor: Scale mail        |    43 |    50 |    88 |     9 ||   190
       Skin              |       |       |    65 |       ||    65
       Chain mail        |       |       |       |    91 ||    91
Dodge: Dodged            |    16 |    45 |   108 |    55 ||   224
Block: Shield            |    45 |    78 |   243 |   178 ||   544
